 Dungeon Crawl Stone Soup version 0.31-a0-876-gfe8ebadbca (webtiles) character file.

Game seed: 5940135968936285412

2942 Danienth the Alchemist (level 9, -7/66 HPs)
             Began as a Gnoll Wanderer on Oct 13, 2023.
             Mangled by a vampire mosquito (8 damage)
             ... on level 7 of the Dungeon.
             The game lasted 00:54:15 (7312 turns).

Danienth the Alchemist (Gnoll Wanderer)             Turns: 7312, Time: 00:54:16

Health: -7/66      AC: 10    Str: 12 (13) XL:     9   Next: 80%
Magic:  18/19      EV: 13    Int: 22 (24) God:
Gold:   13         SH:  0    Dex: 14 (17) Spells: 8/21 levels left

rFire   + + +        L - +4 hand axe "Kuwk" {flame, rElec rF+ Int+3 Stlth-}
rCold   . . .        (no shield)
rNeg    + . .        j - +0 leather armour {rF+}
rPois   .            (no helmet)
rElec   +            K - +2 cloak {Stlth+}
rCorr   .            x - +2 pair of gloves
SInv    .            (no boots)
Will    .....        m - amulet of regeneration
Stlth   +++          h - ring of Yzigahi {rF+ rN+ Int+6}
HPRegen 1.11/turn    o - +6 ring of dexterity
MPRegen 0.16/turn

%: no passive effects
@: brilliant, wereblooded
A: fangs 1, strong nose, distributed training
a: no special abilities


You were on level 7 of the Dungeon.
You visited 1 branch of the dungeon, and saw 8 of its levels.

You collected 299 gold pieces.
You spent 286 gold pieces at shops.

Inventory:

Hand Weapons
 a - a +0 dagger
 e - a +0 heavy short sword
 g - a +3 dagger
 k - a +0 mace
 n - a +1 dagger of pain
 p - a +4 dire flail
 q - a +1 antimagic dagger
 r - a +4 short sword of freezing
 s - a +0 short sword of speed
 z - a +3 trident of draining
 C - a +2 flail of venom
 D - a +0 vampiric trident
 F - a +2 dire flail of holy wrath
 G - a +2 short sword of venom
 L - the +4 hand axe "Kuwk" (weapon) {flame, rElec rF+ Int+3 Stlth-}
   (You found it on level 7 of the Dungeon)

   Int+3:     It affects your intelligence (+3).
   rF+:       It protects you from fire.
   rElec:     It insulates you from electricity.
   Stlth-:    It makes you less stealthy.
Missiles
 l - 3 boomerangs
 w - 25 stones
 y - 14 poisoned darts (quivered)
Armour
 c - a +0 robe
 i - a +0 pair of gloves
 j - a +0 leather armour of fire resistance (worn)
 x - a +2 pair of gloves (worn)
 B - a +0 cloak
 E - an orb of mayhem
 K - a +2 cloak of stealth (worn)
Jewellery
 f - a ring of see invisible
 h - the ring of Yzigahi (left hand) {rF+ rN+ Int+6}
   (You acquired it on level 5 of the Dungeon)

   [ring of intelligence]

   Int+6:     It affects your intelligence (+6).
   rF+:       It protects you from fire.
   rN+:       It protects you from negative energy.
 m - an amulet of regeneration (around neck)
 o - a +6 ring of dexterity (right hand)
 A - a ring of ice
Talismans
 J - a maw talisman
Wands
 d - a wand of polymorph (7)
Scrolls
 b - a scroll of blinking
 v - 2 scrolls of teleportation
 M - a scroll of amnesia
Potions
 I - a potion of ambrosia {unknown}


   Skills:
 + Level 4.7 Fighting
 + Level 4.7 Short Blades
 + Level 4.7 Long Blades
 + Level 4.7 Axes
 + Level 4.7 Maces & Flails
 + Level 4.7 Polearms
 + Level 4.7 Staves
 + Level 4.7 Ranged Weapons
 + Level 4.7 Throwing
 + Level 4.7 Armour
 + Level 4.7 Dodging
 + Level 4.7 Stealth
 + Level 4.7 Shields
 + Level 4.7 Unarmed Combat
 + Level 6.9 Spellcasting
 + Level 4.4 Conjurations
 + Level 3.9 Hexes
 + Level 3.9 Summonings
 + Level 3.9 Necromancy
 + Level 3.9 Translocations
 + Level 9.6 Transmutations
 + Level 3.9 Fire Magic
 + Level 3.9 Ice Magic
 + Level 3.9 Air Magic
 + Level 3.9 Earth Magic
 + Level 3.9 Poison Magic
 + Level 5.1 Invocations
 + Level 6.6 Evocations
 + Level 4.2 Shapeshifting


You had 8 spell levels left.
You knew the following spells:

 Your Spells              Type           Power      Damage    Failure   Level
a - Wereblood             Tmut           66%        N/A       1%          2
b - Sting                 Tmut/Pois      100%       1d8       1%          1
c - Shock                 Conj/Air       100%       1d9       1%          1
d - Ensorcelled Hibernat  Hex/Ice        74%        N/A       3%          2
e - Hailstorm             Conj/Ice       39%        3d9       5%          3
f - Petrify               Tmut/Erth      54%        N/A       6%          4

Your spell library contained the following spells:

 Spells                   Type           Power      Damage    Failure   Level
 Apportation              Tloc           74%        N/A       2%          1
 Momentum Strike          Conj/Tloc      78%        3d10      2%          2
 Blink                    Tloc           74%        N/A       3%          2
 Jinxbite                 Hex            74%        N/A       3%          2
 Lesser Beckoning         Tloc           74%        N/A       3%          2
 Inner Flame              Hex/Fire       37%        N/A       6%          3
 Ozocubu's Armour         Ice            37%        N/A       6%          3
 Summon Guardian Golem    Hex/Summ       37%        N/A       6%          3
 Alistair's Intoxication  Tmut/Pois      36%        N/A       19%         5
 Vhi's Electric Charge    Tloc/Air       74%        N/A       22%         4
 Arcjolt                  Conj/Air       19%        1d29      45%         5
 Summon Mana Viper        Hex/Summ       37%        N/A       52%         5
 Ozocubu's Refrigeration  Ice            18%        4d11      100%        7
 Maxwell's Capacitive Co  Air            18%        ∞         100%        8


Dungeon Overview and Level Annotations

Branches:
Dungeon (8/15)             Temple (0/1) D:7
   Lair: D:8-11

Altars:
Gozag
Qazlal
Zin

Shops:
D:2 !   D:6 *


Innate Abilities, Weirdness & Mutations

You have very sharp teeth.
Your uncanny sense of smell can sniff out nearby items.
Your experience applies equally to all skills.


Message History

You feel clever all of a sudden.
The vampire mosquito misses you. x4; The vampire mosquito bites you.
The vampire mosquito draws strength from your injuries!
The vampire mosquito bites you.
The vampire mosquito draws strength from your injuries!
The vampire mosquito bites you.
* * * LOW HITPOINT WARNING * * *
The vampire mosquito draws strength from your injuries!
The vampire mosquito bites you.
* * * LOW HITPOINT WARNING * * *
The vampire mosquito draws strength from your injuries!
The vampire mosquito closely misses you.
You see here a +0 scale mail.
Casting: Wereblood (safe; 1% risk of failure)
Confirm with . or Enter, or press ? or * to list all spells.
Aiming: Shock (safe; 1% risk of failure)
Press: ? - help, Shift-Dir - straight line You feel a surge of power!
Okay, then.
It was a potion of mutation.
You feel extremely strange.
You feel robust.
You feel frail.
The vampire mosquito bites you but does no damage.
The vampire mosquito barely misses you.
The vampire mosquito bites you but does no damage.
The vampire mosquito bites you.
* * * LOW HITPOINT WARNING * * *
The vampire mosquito closely misses you.
It was a potion of degeneration.
There was something very wrong with that liquid.
You feel weakened.
You feel dopey.
You feel clumsy.
The vampire mosquito bites you but does no damage.
The vampire mosquito bites you.
* * * LOW HITPOINT WARNING * * *
The vampire mosquito draws strength from your injuries!
The vampire mosquito bites you.
* * * LOW HITPOINT WARNING * * *
The vampire mosquito bites you.
* * * LOW HITPOINT WARNING * * *
The vampire mosquito bites you!
You die...

.........#
##...#)#.##.#
.#####.###
#.......)...#
.#####.#
#....#)#)##.#
.......#
...#####[).##.#
..####.#
####...#.)###.#
..####.####
#.>.#.## #.#####
...........
#...### #.....#
.##....#### #.#.#
#####.# .##.##.#
#####yy@# #.#
###.##.# #...#.yy#
#.#
.......###...#...#
#.#
###.##.......#####
#.#
#.##.###.......#
#.# ##.##.#
#.......# #.#
##...#.###.......#
#.#
...#..))).)......#
#.#
#...#########.###
##### ##.##


You could see 4 vampire mosquitoes.

Vanquished Creatures
  Jeremiah (D:7)
  Grinder (D:5)
  Menkaure (D:6)
  Edmund (D:5)
  Duvessa (D:6)
  A water moccasin (D:6)
  A sky beast (D:6)
  2 black bears
  4 orc warriors
  An ogre (D:5)
  A centaur (D:7)
  A phantom (D:4)
  A kobold brigand (D:7)
  A bullfrog (D:6)
  Dowan (D:6)
  4 wights
  2 howler monkeys
  A hound (D:5)
  2 orc priests
  3 iguanas
  A gnoll bouda (D:7)
  5 orc wizards
  A sleepcap (D:4)
  6 adders
  11 gnolls
  A shadow imp (D:7)
  A white imp (D:7)
  A dart slug (D:4)
  27 orcs
  6 endoplasms
  5 giant cockroaches
  8 hobgoblins
  6 jackals
  9 quokkas
  4 ball pythons
  5 bats
  A frilled lizard (D:1)
  A goblin (D:1)
  11 kobolds
  3 rats
144 creatures vanquished.

Vanquished Creatures (others)
  A wight (D:5)
  An orc (D:5)
2 creatures vanquished.

Grand Total: 146 creatures vanquished

Notes
Turn   | Place    | Note
-------+----------+-------------------------------------------
     0 | D:1      | Danienth the Gnoll Wanderer began the quest for the Orb.
     0 | D:1      | Danienth set off with the following items: a +0 dagger, a
                  | scroll of blinking, a +0 robe, a wand of polymorph (7); and
                  | the following spells available to memorise: Wereblood,
                  | Sting, Shock, Petrify, Hailstorm.
     0 | D:1      | Reached XP level 1. HP: 13/13 MP: 6/6
   124 | D:1      | Reached XP level 2. HP: 9/19 MP: 7/7
   497 | D:1      | Learned a level 2 spell: Wereblood
   499 | D:1      | Learned a level 1 spell: Sting
   501 | D:1      | Learned a level 1 spell: Shock
  1024 | D:1      | Reached XP level 3. HP: 13/25 MP: 7/9
  1310 | D:2      | Reached skill level 5 in Spellcasting
  1318 | D:2      | Got a glistering book
  1322 | D:2      | Learned a level 2 spell: Ensorcelled Hibernation
  1644 | D:2      | Reached skill level 1 in Invocations
  1809 | D:2      | Reached skill level 1 in Fighting
  1809 | D:2      | Reached skill level 1 in Short Blades
  1809 | D:2      | Reached skill level 1 in Long Blades
  1809 | D:2      | Reached skill level 1 in Axes
  1809 | D:2      | Reached skill level 1 in Maces & Flails
  1809 | D:2      | Reached skill level 1 in Polearms
  1809 | D:2      | Reached skill level 1 in Staves
  1809 | D:2      | Reached skill level 1 in Ranged Weapons
  1809 | D:2      | Reached skill level 1 in Throwing
  1809 | D:2      | Reached skill level 1 in Armour
  1809 | D:2      | Reached skill level 1 in Dodging
  1809 | D:2      | Reached skill level 1 in Stealth
  1809 | D:2      | Reached skill level 1 in Shields
  1809 | D:2      | Reached skill level 1 in Unarmed Combat
  1882 | D:2      | Found Pugg's Distillery.
  1887 | D:2      | Bought a potion of heal wounds for 50 gold pieces
  2112 | D:2      | Reached XP level 4. HP: 32/32 MP: 11/11
  2471 | D:3      | Reached skill level 1 in Shapeshifting
  2717 | D:3      | Found an opulent altar of Gozag.
  2724 | D:3      | Found a glowing silver altar of Zin.
  3039 | D:3      | Learned a level 3 spell: Hailstorm
  3199 | D:4      | Reached skill level 1 in Hexes
  3199 | D:4      | Reached skill level 1 in Summonings
  3199 | D:4      | Reached skill level 1 in Necromancy
  3199 | D:4      | Reached skill level 1 in Translocations
  3199 | D:4      | Reached skill level 1 in Fire Magic
  3199 | D:4      | Reached skill level 1 in Ice Magic
  3199 | D:4      | Reached skill level 1 in Air Magic
  3199 | D:4      | Reached skill level 1 in Earth Magic
  3199 | D:4      | Reached skill level 1 in Poison Magic
  3221 | D:4      | Learned a level 4 spell: Petrify
  3227 | D:4      | Noticed a phantom
  3247 | D:4      | Killed a phantom
  3248 | D:4      | Reached XP level 5. HP: 26/37 MP: 8/12
  3396 | D:4      | Reached XP level 6. HP: 25/44 MP: 1/13
  3884 | D:4      | Noticed a black bear
  3903 | D:4      | Killed a black bear
  3904 | D:4      | Reached skill level 5 in Evocations
  4220 | D:5      | Entered Level 5 of the Dungeon
  4242 | D:5      | Noticed Edmund
  4257 | D:5      | Identified a scroll of acquirement
  4257 | D:5      | Acquired the ring of Yzigahi {rF+ rN+ Int+6}
  4597 | D:5      | Reached skill level 9 in Transmutations
  4684 | D:5      | Noticed a black bear
  4695 | D:5      | Killed a black bear
  4696 | D:5      | Reached XP level 7. HP: 41/51 MP: 7/15
  5021 | D:5      | Killed Edmund
  5363 | D:5      | Noticed Grinder
  5383 | D:5      | Killed Grinder
  5384 | D:5      | Reached XP level 8. HP: 53/58 MP: 2/16
  6110 | D:6      | Reached XP level 9. HP: 58/65 MP: 18/18
  6142 | D:6      | Noticed Dowan
  6155 | D:6      | Killed Dowan
  6168 | D:6      | Noticed Duvessa
  6186 | D:6      | Killed Duvessa
  6345 | D:6      | Found a stormy altar of Qazlal.
  6361 | D:6      | Noticed Menkaure
  6369 | D:6      | Killed Menkaure
  6461 | D:6      | Found Asoh's Neck Hole.
  6465 | D:6      | Bought a +2 cloak of stealth for 236 gold pieces
  6616 | D:7      | Noticed Jeremiah
  6631 | D:7      | Killed Jeremiah
  6770 | D:7      | Found a staircase to the Ecumenical Temple.
  6796 | D:7      | Reached skill level 5 in Invocations
  7053 | D:7      | Identified the +4 hand axe "Kuwk" {flame, rElec rF+ Int+3
                  | Stlth-}
  7240 | D:7      | HP: 2/66 [orc priest/divine providence (15)]
  7311 | D:7      | Gained mutation: You are robust. (+10% HP) [potion of
                  | mutation]
  7311 | D:7      | Lost mutation: You are robust. (+10% HP) [potion of
                  | mutation]
  7312 | D:7      | HP: 2/66 [vampire mosquito (6)]
  7312 | D:7      | Mangled by a vampire mosquito

Illustrated notes

Levels and vault maps discovered:
D:1:      minmay_arrival_stone_box, layout_basic
D:2:      layout_basic, serial_shops, shop
D:3:      layout_loops_ring, pdpol_temple_overflow_zin_treasury_gozag_greed,
          skrybe_limestone_x
D:4:      layout_loops_ring, minmay_misc_feat_tower, chequers_mini_garden
D:5:      layout_layer_cave, supply_closet_lemuel,
          hangedman_abyss_or_decor_slice, uniq_grinder, uniq_edmund
D:6:      layout_cave_pools, mainiacjoe_overflow_alcove_2,
          nicolae_shop_sticking_my_neck_out, uniq_duvessa, uniq_menkaure
D:7:      layout_loops_ring, lemuel_mausoleum_altar_yredelemnul,
          minmay_temple_entry_from_below_a, uniq_maggie, uniq_jeremiah
D:8:      layout_rooms, mainiacjoe_overflow_catch_the_wave,
          chequers_temple_overflow_minitemple

Skill      XL: |  1  2  3  4  5  6  7  8  9 |
---------------+----------------------------+-----
Conjurations   | 2 3 4 |  4.4
Spellcasting   | 5 6 |  6.9
Invocations    | 1 2 3 4 5 |  5.1
Fighting       | 1 2 3 4 |  4.7
Short Blades   | 1 2 3 4 |  4.7
Long Blades    | 1 2 3 4 |  4.7
Axes           | 1 2 3 4 |  4.7
Maces & Flails | 1 2 3 4 |  4.7
Polearms       | 1 2 3 4 |  4.7
Staves         | 1 2 3 4 |  4.7
Ranged Weapons | 1 2 3 4 |  4.7
Throwing       | 1 2 3 4 |  4.7
Armour         | 1 2 3 4 |  4.7
Dodging        | 1 2 3 4 |  4.7
Stealth        | 1 2 3 4 |  4.7
Shields        | 1 2 3 4 |  4.7
Unarmed Combat | 1 2 3 4 |  4.7
Shapeshifting  | 1 2 3 4 |  4.2
Hexes          | 1 2 3 |  3.9
Summonings     | 1 2 3 |  3.9
Necromancy     | 1 2 3 |  3.9
Translocations | 1 2 3 |  3.9
Fire Magic     | 1 2 3 |  3.9
Ice Magic      | 1 2 3 |  3.9
Air Magic      | 1 2 3 |  3.9
Earth Magic    | 1 2 3 |  3.9
Poison Magic   | 1 2 3 |  3.9
Evocations     | 5 6 |  6.6
Transmutations | 9 |  9.6

Action                     |  1- 3 |  4- 6 |  7- 9 || total
---------------------------+-------+-------+-------++-------
  Melee: Dagger            |    85 |       |       ||    85
         Bite              |     6 |    18 |    30 ||    54
         Short sword       |    29 |       |    15 ||    44
         Punch             |     2 |     2 |     3 ||     7
         Mace              |    38 |   152 |     4 ||   194
         Flail             |       |       |    11 ||    11
         Dire flail        |       |       |    60 ||    60
         Trident           |       |       |    66 ||    66
         Hand axe          |       |       |    27 ||    27
  Throw: Throwing net      |       |     2 |       ||     2
         Dart              |       |       |     8 ||     8
   Cast: Wereblood         |     2 |     8 |    13 ||    23
         Sting             |     2 |     2 |     6 ||    10
         Ensorcelled Hiber |     4 |     6 |     4 ||    14
         Shock             |     1 |    17 |    68 ||    86
         Petrify           |       |     4 |     5 ||     9
         Hailstorm         |       |       |     4 ||     4
  Evoke: Wand              |       |    12 |       ||    12
    Use: Potion            |     1 |     4 |     8 ||    13
         Scroll            |     1 |     6 |     9 ||    16
   Stab: Sleeping          |     3 |     7 |       ||    10
         Petrified         |       |    10 |    17 ||    27
         Distracted        |       |       |     1 ||     1
 Armour: Robe              |    71 |       |       ||    71
         Leather armour    |    36 |   115 |   166 ||   317
  Dodge: Dodged            |    94 |   131 |   184 ||   409

Table legend: (Time is in decaauts)
 A = Elapsed time spent in this place.
 B = Non-inter-level travel time spent in this place.
 C = Inter-level travel time spent in this place.
 D = Time resting spent in this place.
 E = Time spent auto-exploring this place.
 F = Levels seen in this place.
 G = Mean time per level.
                   A        B        C        D        E       F      G
               +--------+--------+--------+--------+--------+-----+--------+
         Total |   7390 |   6954 |    436 |    746 |   4720 |   8 |  923.8 |
       Dungeon |   7390 |   6954 |    436 |    746 |   4720 |   8 |  923.8 |
               +--------+--------+--------+--------+--------+-----+--------+

Top non-repeatable levels by time:
     D:5: 1702 daAuts
     D:1: 1272 daAuts
     D:2: 1160 daAuts
     D:4: 1056 daAuts
     D:3: 783 daAuts
     D:7: 692 daAuts
     D:6: 662 daAuts
     D:8: 59 daAuts
